 Dungeon Crawl Stone Soup version 0.30-a0-748-ge6a52f7cba (webtiles) character file.

Game seed: 16788427944480011922

177 HammerPanzer the Chopper (level 5, -5/45 HPs)
             Began as a Minotaur Berserker on Feb 8, 2023.
             Was a Believer of Trog.
             Slain by an ogre
             ... wielding a +0 giant club
              (27 damage)
             ... on level 3 of the Dungeon.
             The game lasted 00:04:43 (1668 turns).

HammerPanzer the Chopper (Minotaur Berserker)       Turns: 1668, Time: 00:04:43

Health: -5/45      AC:  7    Str: 23    XL:     5   Next: 31%
Magic:  4/4        EV: 11    Int:  4    God:    Trog [**....]
Gold:   200        SH:  0    Dex: 10    Spells: 4/4 levels left

rFire   . . .      SeeInvis .    a - +0 hand axe
rCold   . . .      Faith    .    (no shield)
rNeg    . . .      Spirit   .    e - +0 ring mail
rPois   .          Reflect  .    d - +2 hat
rElec   .          Harm     .    (no cloak)
rCorr   .          Rampage  .    (no gloves)
Will    .....                    (no boots) Stlth
                                 (no amulet)
HPRegen 0.27/turn                (no ring)
MPRegen 0.09/turn                (no ring)

@: no status effects
A: horns 2, retaliatory headbutt
a: Renounce Religion, Berserk, Trog's Hand


You were on level 3 of the Dungeon.
You worshipped Trog.
Trog was pleased with you.
You visited 1 branch of the dungeon, and saw 3 of its levels.

You collected 200 gold pieces.

Inventory:

Hand Weapons
 a - a +0 hand axe (weapon)
Missiles
 i - 2 boomerangs (quivered)
Armour
 d - a +2 hat (worn)
 e - a +0 ring mail (worn)
Wands
 b - a wand of flame (18)
Scrolls
 f - a scroll of fog
 h - 3 scrolls of identify
 l - a scroll of noise {unknown}
Potions
 c - 2 potions of brilliance
 g - 3 potions of degeneration {unknown}
 j - a potion of mutation {unknown}
 k - a potion of lignification {unknown}


   Skills:
 - Level 3.6 Fighting
 + Level 7.3 Axes
 - Level 2.4 Armour
 - Level 2.1 Dodging


You had 4 spell levels left.
You didn't know any spells.
Your spell library was empty.

Dungeon Overview and Level Annotations

Branches:
Dungeon (3/15)

Altars:
Cheibriados
Xom
Zin

Shops:
D:2 :


Innate Abilities, Weirdness & Mutations

You have a pair of horns on your head.
You reflexively headbutt those who attack you in melee.


Message History

You open the door.
A hobgoblin comes into view.
The hobgoblin shouts!
You hit the hobgoblin but do no damage.
The hobgoblin hits you but does no damage.
You closely miss the hobgoblin. You headbutt the hobgoblin.
You punch the hobgoblin, but do no damage.
The hobgoblin is heavily wounded.
The hobgoblin barely misses you.
You hit the hobgoblin.
The hobgoblin is almost dead.
The hobgoblin misses you.
You hit the hobgoblin.
You kill the hobgoblin!
Trog accepts your kill.
There is an open door, spattered with blood here.
You see here a hobgoblin corpse.
A goblin comes into view. It is wielding a +0 dagger.
The goblin shouts!
The goblin moves out of view.
Found 7 gold pieces.
Found an escape hatch in the ceiling.
The goblin misses you.
You barely miss the goblin. The goblin closely misses you.
You closely miss the goblin. You headbutt the goblin.
You kill the goblin!
Trog accepts your kill.
You now have 200 gold pieces (gained 7).
An ogre comes into view. It is wielding a +0 giant club.
The ogre shouts!
The ogre hits you with a +0 giant club!
You hit the ogre.
The ogre is lightly wounded.
You hit the ogre.
The ogre is moderately wounded.
The ogre hits you with a +0 giant club!
You hit the ogre.
The ogre is heavily wounded.
The ogre hits you with a +0 giant club!!
Ouch! That really hurt!
You die...

#.#.. #<#.#.# #.#.#.#
##'#.#.# #
.....#.###########.#
................@O.#
##.._..####..♣♣♣♣...#
...)................#
...#.################
...#.# ..##.# ...#.#
##.#.# #.#.#


You could see an ogre.

Vanquished Creatures
  2 orc priests (D:3)
  4 adders (D:2)
  3 worms (D:2)
  A dart slug (D:1)
  3 orcs (D:3)
  6 bats
  6 endoplasms
  2 giant cockroaches
  6 goblins
  6 hobgoblins
  12 jackals
  2 quokkas
  5 ball pythons
  2 frilled lizards (D:2)
  4 kobolds
  A rat (D:3)
65 creatures vanquished.

Notes
Turn   | Place    | Note
-------+----------+-------------------------------------------
     0 | D:1      | HammerPanzer the Minotaur Berserker began the quest for the
                  | Orb.
     0 | D:1      | Reached XP level 1. HP: 19/19 MP: 0/0
   167 | D:1      | Reached skill level 4 in Axes
   288 | D:1      | Reached XP level 2. HP: 26/26 MP: 1/1
   322 | D:1      | Found a faded altar of an unknown god.
   905 | D:2      | Reached skill level 5 in Axes
   905 | D:2      | Reached XP level 3. HP: 2/31 MP: 2/2
  1066 | D:2      | Reached ** piety under Trog
  1103 | D:2      | Found Paidaq's Book Boutique.
  1120 | D:2      | Reached skill level 6 in Axes
  1120 | D:2      | Reached XP level 4. HP: 36/39 MP: 3/3
  1484 | D:3      | Found a shimmering altar of Xom.
  1485 | D:3      | Noticed an angel
  1495 | D:3      | Found a glowing silver altar of Zin.
  1554 | D:3      | Reached skill level 7 in Axes
  1554 | D:3      | Reached XP level 5. HP: 45/45 MP: 4/4
  1607 | D:3      | Found a snail-covered altar of Cheibriados.
  1663 | D:3      | Noticed an ogre
  1668 | D:3      | Slain by an ogre

Illustrated notes

Levels and vault maps discovered:
D:1:      lemuel_arrival_muddy, layout_loops_ring, serial_aquarium,
          aquarium_bridge_square [aquarium_subvault_bridge,
          aquarium_subvault_bridge, aquarium_subvault_wall,
          aquarium_subvault_wall], aquarium_window_fake, aquarium_window_1,
          aquarium_window_2, aquarium_window_3, aquarium_view_2g,
          aquarium_balcony_3a, ebering_ecumenical_altar_rust
D:2:      layout_rooms, serial_shops, nicolae_diamond_shop
D:3:      layout_basic, grunt_temple_overflow_order_and_chaos_1,
          mainiacjoe_overflow_boulevard, gammafunk_ghost_mausoleum

Skill      XL: |  1  2  3  4 |
---------------+-------------+-----
Axes           | 4 5 6 7 |  7.3
Fighting       | |  3.6
Armour         | |  2.4
Dodging        | |  2.1

Action                     |  1- 3 |  4- 6 || total
---------------------------+-------+-------++-------
  Melee: Hand axe          |    82 |    65 ||   147
         Headbutt          |     9 |    10 ||    19
         Punch             |       |     2 ||     2
 Invoke: Berserk           |     1 |     1 ||     2
    Use: Scroll            |     3 |     3 ||     6
 Armour: Ring mail         |    27 |    29 ||    56
         Animal skin       |     1 |       ||     1
  Dodge: Dodged            |    59 |    28 ||    87

Table legend: (Time is in decaauts)
 A = Elapsed time spent in this place.
 B = Non-inter-level travel time spent in this place.
 C = Inter-level travel time spent in this place.
 D = Time resting spent in this place.
 E = Time spent auto-exploring this place.
 F = Levels seen in this place.
 G = Mean time per level.
                   A        B        C        D        E       F      G
               +--------+--------+--------+--------+--------+-----+--------+
         Total |   1692 |   1627 |     65 |    151 |   1077 |   3 |  564.0 |
       Dungeon |   1692 |   1627 |     65 |    151 |   1077 |   3 |  564.0 |
               +--------+--------+--------+--------+--------+-----+--------+

Top non-repeatable levels by time:
     D:1: 994 daAuts
     D:2: 445 daAuts
     D:3: 252 daAuts
